 Dungeon Crawl Stone Soup version 0.29.1-1-gd02db6906a (webtiles) character file.

Game seed: 787783410040038652

590 Descartes the Sneak (level 7, -7/32 HPs)
             Began as a Spriggan Air Elementalist on Sept 18, 2022.
             Was an Initiate of Gozag.
             Killed from afar by an orc wizard (12 damage)
             ... with a puff of flame
             ... on level 5 of the Dungeon.
             The game lasted 00:12:08 (7771 turns).

Descartes the Sneak (Spriggan Air Elementalist)     Turns: 7771, Time: 00:12:08

Health: -7/32      AC:  2    Str:  6    XL:     7   Next: 16%
Magic:  17/23      EV: 18    Int: 17    God:    Gozag
Gold:   309        SH:  0    Dex: 15    Spells: 9/14 levels left

rFire   . . .      SeeInvis +   k - +0 dagger
rCold   . . .      Faith    .   (no shield)
rNeg    . . .      Spirit   .   a - +0 robe
rPois   .          Reflect  .   (helmet restricted)
rElec   .          Harm     .   (no cloak)
rCorr   .          Rampage  .   (gloves unavailable)
Will    +....                   (boots unavailable)
Stlth   +++.......              (no amulet)
HPRegen 0.10/turn               r - ring of magical power
MPRegen 0.18/turn               (no ring)

@: very quick
A: very small, no large weapons, unfitting armour, see invisible, speed 3
a: Renounce Religion, Potion Petition, Call Merchant, Bribe Branch


You were on level 5 of the Dungeon.
You worshipped Gozag.
Gozag was aware of your devotion.
You visited 2 branches of the dungeon, and saw 6 of its levels.

You collected 382 gold pieces.
You paid 73 gold pieces to Gozag.

Inventory:

Hand Weapons
 k - a +0 dagger (weapon)
 m - a +2 antimagic dagger
Missiles
 c - 83 stones
 f - 9 boomerangs
 o - 6 curare-tipped darts
Armour
 a - a +0 robe (worn)
Jewellery
 r - a ring of magical power (left hand)
Scrolls
 i - 2 scrolls of teleportation {unknown}
 j - 3 scrolls of noise {unknown}
 n - a scroll of magic mapping {unknown}
 u - a scroll of silence {unknown}
 v - a scroll of identify {unknown}
Potions
 b - a potion of magic
 d - 4 potions of heal wounds {unknown}
 e - a potion of attraction {unknown}
 g - 3 potions of curing {unknown}
 h - a potion of flight {unknown}
 l - a potion of haste {unknown}
 p - a potion of brilliance {unknown}
 q - a potion of cancellation {unknown}
 s - 3 potions of mutation {unknown}
 t - a potion of experience {unknown}


   Skills:
 + Level 4.5 Dodging
 + Level 5.3 Stealth
 + Level 4.3 Spellcasting
 + Level 2.0 Conjurations
 + Level 2.1 Fire Magic
 + Level 3.8 Air Magic
 + Level 2.7 Poison Magic


You had 9 spell levels left.
You knew the following spells:

 Your Spells              Type           Power      Damage    Failure   Level
a - Shock                 Conj/Air       52%        1d6       4%          1
b - Airstrike             Air            8%         2d(2-18)  30%         4

Your spell library contained the following spells:

 Spells                   Type           Power      Damage    Failure   Level
 Static Discharge         Conj/Air       13%        3-5/arc   7%          2
 Swiftness                Air            16%        N/A       10%         3
 Call Canine Familiar     Summ           3%         N/A       43%         3
 Portal Projectile        Hex/Tloc       6%         N/A       43%         3
 Leda's Liquefaction      Hex/Erth       1%         N/A       83%         4


Dungeon Overview and Level Annotations

Branches:
Dungeon (5/15)             Temple (1/1) D:4

Altars:
Ashenzari
Cheibriados
Elyvilon
Fedhas
Gozag
Hepliaklqana
Kikubaaqudgha
Nemelex Xobeh
Sif Muna
Trog
Xom
Yredelemnul
Zin
The Shining One

Shops:
D:1 (   D:4 [


Innate Abilities, Weirdness & Mutations

You are very small and have problems with some larger weapons.
You are too small for most types of armour.
You have supernaturally acute eyesight. (SInv)
You cover ground extremely quickly. (Speed+++)


Message History

Aim: an orc wizard, wielding a +0 dagger and wearing a +0 robe (moderately wounded, 60% to hit)
The zap hits the orc wizard.
The orc wizard is severely wounded.
The orc wizard gestures at you while chanting.
The puff of flame misses you.
Casting: Shock (safe; 4% risk of failure)
Confirm with . or Enter, or press ? or * to list all spells.
Aiming: Shock (safe; 4% risk of failure)
Press: ? - help, Shift-Dir - straight line, p - orc wizard Unknown command.
Casting: Shock (safe; 4% risk of failure)
Confirm with . or Enter, or press ? or * to list all spells.
Aiming: Shock (safe; 4% risk of failure)
Press: ? - help, Shift-Dir - straight line
Casting: Shock (safe; 4% risk of failure)
Confirm with . or Enter, or press ? or * to list all spells.
Aiming: Shock (safe; 4% risk of failure)
Press: ? - help, Shift-Dir - straight line The zap hits the orc wizard but does no damage.
The orc wizard is severely wounded.
The zap misses the orc wizard.
The orc wizard casts a spell.
The orc wizard flickers and vanishes for a moment.
Casting: Shock (safe; 4% risk of failure)
Confirm with . or Enter, or press ? or * to list all spells.
Aiming: Shock (safe; 4% risk of failure)
Press: ? - help, Shift-Dir - straight line The zap hits the orc wizard.
The orc wizard is almost dead.
The zap hits the orc wizard.
The orc wizard is almost dead.
There are monsters nearby!
The orc wizard gestures at you while chanting.
The magic dart hits you!
* * * LOW HITPOINT WARNING * * *
Your magical contamination has completely faded away.
The orc wizard points at you and mumbles some strange words.
The puff of flame hits you!
You die...
Your body crumbles into a pile of gold.

.#####...#
.O.$o....# #.# #?.#
#.# #[.# #.# #..#
#.# #.o# #.# #..#
#.# .######oo###.#
............@######
######...##.[..[<.#
#.........####.#
#.#######......# #.
#.####.# # #.# #.#
$ #.. ... #.# #.#
#.# #.#


You could see an orc priest and an orc wizard (invisible).

Vanquished Creatures
  Sigmund (D:3)
  2 hounds
  An orc priest (D:5)
  2 iguanas
  An orc wizard (D:5)
  Terence (D:2)
  8 adders
  7 gnolls
  A worm (D:3)
  A dart slug (D:2)
  9 orcs
  5 endoplasms
  3 giant cockroaches
  13 hobgoblins
  4 jackals (D:1)
  5 kobolds
  4 quokkas
  7 ball pythons
  5 bats
  A frilled lizard (D:3)
  5 goblins
  6 rats
92 creatures vanquished.

Notes
Turn   | Place    | Note
-------+----------+-------------------------------------------
     0 | D:1      | Descartes the Spriggan Air Elementalist began the quest for
                  | the Orb.
     0 | D:1      | Reached XP level 1. HP: 9/9 MP: 5/5
   116 | D:1      | Found Ximaw's Weapon Boutique.
   875 | D:1      | Reached XP level 2. HP: 11/13 MP: 3/6
  1614 | D:2      | Reached skill level 1 in Conjurations
  1614 | D:2      | Reached XP level 3. HP: 16/16 MP: 0/8
  2001 | D:2      | Reached skill level 1 in Poison Magic
  2281 | D:2      | Reached XP level 4. HP: 21/21 MP: 6/9
  2633 | D:3      | Noticed Terence
  2819 | D:3      | Reached skill level 1 in Fire Magic
  2871 | D:2      | Killed Terence
  3159 | D:3      | Noticed Sigmund
  4682 | D:3      | Found a shimmering altar of Xom.
  4872 | D:4      | Reached skill level 4 in Stealth
  4872 | D:4      | Reached XP level 5. HP: 24/24 MP: 4/11
  5051 | D:4      | Found a staircase to the Ecumenical Temple.
  5065 | Temple   | Entered the Ecumenical Temple
  5993 | D:4      | Found an opulent altar of Gozag.
  6000 | D:4      | Became a worshipper of Gozag Ym Sagoz the Greedy
  6134 | D:4      | Found Iwnan's Armour Shop.
  6259 | D:3      | Reached XP level 6. HP: 16/28 MP: 0/12
  6322 | D:2      | Learned a level 4 spell: Airstrike
  6699 | D:4      | Noticed an ice beast
  7031 | D:3      | Killed Sigmund
  7032 | D:3      | Reached skill level 5 in Stealth
  7467 | D:5      | Entered Level 5 of the Dungeon
  7473 | D:5      | Reached XP level 7. HP: 32/32 MP: 8/14
  7771 | D:5      | Killed from afar by an orc wizard

Illustrated notes

Levels and vault maps discovered:
D:1:      saegor_arrival_under_anarchy, layout_basic, serial_shops,
          nicolae_shop_bloodbath_and_beyond
D:2:      minmay_chambers_of_twos, layout_basic, skrybe_limestone_x
D:3:      layout_basic, mainiacjoe_overflow_six_doors_small, uniq_terence,
          uniq_sigmund
D:4:      layout_gridville, nicolae_gozag_seed_capital,
          minmay_temple_entry_steel_oval, serial_shops, shop
D:5:      layout_loops_ring, lemuel_tele_altar, chequers_serial_rivers_large_b
Temple:   nicolae_temple_x_marks_the_god

Skill      XL: |  1  2  3  4  5  6  7 |
---------------+----------------------+-----
Dodging        | 3 4 |  4.5
Spellcasting   | 3 4 |  4.3
Conjurations   | 1 2 |  2.0
Air Magic      | 3 |  3.8
Poison Magic   | 1 2 |  2.7
Fire Magic     | 1 2 |  2.1
Stealth        | 4 5 |  5.3

Action                   |  1- 3 |  4- 6 |  7- 9 || total
-------------------------+-------+-------+-------++-------
Melee: Unarmed           |     1 |       |       ||     1
       Dagger            |       |     1 |     2 ||     3
 Cast: Shock             |    73 |   274 |    27 ||   374
       Airstrike         |       |     1 |       ||     1
Armor: Robe              |     4 |     5 |       ||     9
Dodge: Dodged            |    12 |    63 |     4 ||    79
